Map: Prion Terraces

Players

ShoWTimE

  • Race: Protoss Protoss
  • League: Master

FireCake - Winner!

  • Race: Zerg Zerg
  • League: Grandmaster

Event: Homestory Cup XII

VOD

Have the link to the VOD?

Description

Time

  • Played on: Dec. 20, 2015, 11:48 a.m.
  • Length: 14:30

All games in this series

Show
View Real Time Build Order
Export as new Build Order

ShoWTimE Protoss 

Build Orders: Nexus First, Mass Adepts 

Get SALT Encoding   

  12  0:01  Probe (Chrono Boost)  
  13  0:11  Probe (Chrono Boost)  
  14  0:17  Pylon  
  14  0:22  Probe (Chrono Boost)  
  15  0:36  Probe (Chrono Boost)  
  16  0:46  Probe (Chrono Boost)  
  17  1:00  Nexus  
  17  1:10  Gateway  
  17  1:12  Probe (Chrono Boost)  
  18  1:18  Assimilator  
  18  1:23  Probe (Chrono Boost)  
  19  1:33  Probe (Chrono Boost)  
  20  1:44  Probe (Chrono Boost)  
  20  1:46  Gateway  
  21  1:47  Gateway  
  21  2:00  Cybernetics Core  
  21  2:01  Probe (Chrono Boost)  
  22  2:12  Probe x2 (Chrono Boost)  
  26  2:22  Probe (Chrono Boost)  
  26  2:23  Probe (Chrono Boost)  
  26  2:33  Probe (Chrono Boost)  
  26  2:34  Probe (Chrono Boost)  
  32  2:37  Adept (Chrono Boost)  
  32  2:38  Adept x2 (Chrono Boost)  
  32  2:39  Warp Gate  
  34  2:45  Probe, Pylon  
  34  2:47  Probe  
  37  2:58  Probe  
  37  3:04  Adept x2 (Chrono Boost)  
  37  3:05  Probe, Adept (Chrono Boost)  
  44  3:09  Pylon  
  44  3:11  Probe  
  45  3:17  Probe  
  46  3:22  Pylon  
  46  3:28  Probe  
  46  3:29  Adept (Chrono Boost), Assimilator  
  46  3:33  Adept (Chrono Boost)  
  51  3:35  Adept (Chrono Boost)  
  51  3:36  Probe  
  54  3:43  Pylon  
  54  3:44  Probe  
  54  3:48  Probe  
  56  3:56  Probe  
  56  3:57  Adept (Chrono Boost)  
  56  4:00  Probe  
  56  4:01  Adept (Chrono Boost)  
  64  4:02  Adept (Chrono Boost)  
  64  4:08  Probe  
  57  4:12  Probe  
  58  4:20  Probe (Chrono Boost), Forge  
  61  4:24  Probe (Chrono Boost)  
  61  4:26  Assimilator  
  61  4:30  Assimilator  
  62  4:35  Mothership Core (Chrono Boost)  
  62  4:36  Probe (Chrono Boost)  
  62  4:37  Pylon  
  63  4:45  Adept x2  
  67  4:46  Probe (Chrono Boost)  
  67  4:49  Adept  
  70  4:52  Pylon  
  70  4:55  Probe (Chrono Boost)  
  70  4:57  Probe (Chrono Boost)  
  72  5:05  Nexus  
  72  5:06  Robotics Facility  
  72  5:07  Pylon  
  72  5:08  Adept  
  72  5:09  Adept  
  76  5:20  Adept  
  76  5:21  Nexus  
  78  5:23  Probe x2 (Chrono Boost), Pylon  
  78  5:26  Protoss Ground Weapons Level 1 (Chrono Boost)  
  80  5:29  Adept x2  
  80  5:34  Pylon  
  84  5:36  Probe (Chrono Boost)  
  84  5:37  Probe (Chrono Boost)  
  86  5:46  Probe  
  86  5:48  Probe  
  88  5:56  Immortal (Chrono Boost)  
  90  5:57  Probe  
  90  6:00  Robotics Bay  
  90  6:01  Probe  
  92  6:07  Pylon  
  92  6:08  Probe  
  92  6:10  Gateway  
  93  6:13  Gateway  
  93  6:17  Photon Cannon  
  93  6:18  Probe x2  
  95  6:30  Probe  
  95  6:32  Pylon  
  96  6:37  Sentry x2  
  96  6:38  Stalker  
  88  6:53  Disruptor (Chrono Boost)  
  83  7:04  Stalker  
  83  7:05  Stalker x2  
  89  7:09  Pylon  
  89  7:11  Twilight Council, Pylon  
  89  7:14  Zealot  
  89  7:15  Zealot  
  89  7:20  Gateway  
  89  7:21  Gateway  
  89  7:22  Disruptor  
  87  7:23  Gateway  
  87  7:24  Assimilator  
  87  7:25  Assimilator  
  90  7:31  Stalker x2  
  90  7:32  Stalker  
  90  7:48  Stalker x2  
  94  7:53  Disruptor  
  93  8:01  Zealot x3  
  97  8:13  Stalker x2  
  95  8:22  Stalker  
  94  8:30  Nexus  
  94  8:35  Pylon  
  94  8:38  Pylon  
  94  8:39  Charge  
  94  8:43  Pylon  
  94  8:45  Pylon  
  94  8:47  Disruptor, Pylon  
  87  8:56  Zealot  
  87  8:57  Zealot x5  
  96  9:08  Probe x2  
  98  9:14  Nexus  
  98  9:16  Pylon, Protoss Ground Weapons Level 2 (Chrono Boost)  
  98  9:18  Zealot x2  
  98  9:19  Disruptor  
  102  9:30  Templar Archives  
  105  9:36  Probe x2, Assimilator  
  105  9:48  Stalker x3  
  105  9:49  Probe  
  105  9:50  Disruptor  
  105  10:01  Zealot x4  
  95  10:11  Zealot x2  
  84  10:17  Stalker x4  
  81  10:24  Disruptor  
  81  10:25  Zealot  
  81  10:26  Zealot x3  
  81  10:32  Probe x2  
  73  10:48  Zealot x4  
  79  10:59  Stalker x2  
  73  11:13  Zealot x3  
  75  11:31  Sentry x3  
  81  11:34  Pylon  
  81  11:38  Zealot x3  
  77  11:54  Stalker x3  
  70  11:59  Zealot x2  
  72  12:12  Zealot  
  67  12:19  Zealot x4  
  73  12:28  Probe  
  73  12:29  Probe x2  
  76  12:40  Sentry x3  
  82  12:45  Sentry  
  84  12:53  Zealot x2  
  88  13:05  Pylon  
  88  13:07  High Templar x2  
  88  13:10  High Templar x2  
  88  13:11  Archon  
  96  13:14  Archon  
  96  13:16  High Templar x2  
  100  13:20  Archon  
  100  13:24  Pylon  
  100  13:32  Disruptor  
  74  13:42  Zealot  
  74  13:43  Zealot x2  
  74  13:47  Zealot  
  72  13:51  Zealot  
  73  13:57  High Templar  
  73  14:03  High Templar  
  73  14:04  Probe  
  73  14:06  Probe x2  
  73  14:07  Archon  
  73  14:09  Zealot x3  
  86  14:18  Probe  
  86  14:23  Zealot  
Show
View Real Time Build Order
Export as new Build Order

FireCake Zerg - Winner!

Build Orders: 3 Hatch before Pool 

Get SALT Encoding   

  12  0:01  Drone  
  13  0:08  Drone  
  14  0:17  Overlord  
  14  0:22  Extractor  
  14  0:23  Drone  
  15  0:35  Drone x2  
  17  0:51  Hatchery  
  17  0:55  Drone  
  17  1:00  Drone  
  18  1:19  Hatchery  
  18  1:22  Drone  
  18  1:27  Drone  
  18  1:31  Drone  
  20  1:36  Extractor  
  19  1:43  Spawning Pool  
  19  1:46  Drone  
  19  1:50  Drone  
  20  2:00  Drone  
  21  2:04  Drone  
  22  2:09  Drone  
  23  2:16  Overlord  
  23  2:22  Drone  
  24  2:32  Queen x2  
  24  2:34  Queen  
  30  2:39  Metabolic Boost  
  30  2:44  Zergling x2  
  30  2:45  Zergling x2  
  30  2:47  Zergling x2  
  30  2:49  Zergling x2  
  34  2:53  Zergling x2  
  34  2:54  Zergling x2  
  34  2:56  Zergling x2  
  34  2:58  Zergling x2  
  38  3:02  Overlord  
  38  3:14  Zergling x8  
  38  3:17  Overlord  
  42  3:23  Overlord  
  42  3:26  Zergling x2  
  43  3:30  Zergling x2  
  44  3:36  Zergling x2  
  44  3:37  Zergling x6  
  46  3:56  Drone x6  
  46  3:57  Drone x4  
  54  4:04  Drone x2  
  53  4:11  Overlord  
  53  4:15  Drone  
  53  4:16  Drone  
  55  4:21  Drone  
  55  4:22  Drone x8  
  63  4:26  Extractor  
  63  4:29  Roach Warren  
  61  4:36  Drone  
  61  4:37  Drone x3  
  65  4:41  Extractor  
  65  4:43  Extractor  
  65  4:45  Overlord  
  63  4:54  Drone x4  
  63  4:55  Drone x5  
  63  4:56  Overlord  
  63  4:57  Overlord  
  63  4:58  Spore Crawler  
  63  4:59  Spore Crawler  
  70  5:00  Spore Crawler  
  70  5:01  Drone  
  70  5:10  Roach  
  70  5:11  Roach x4  
  76  5:22  Roach x3  
  76  5:25  Roach x4  
  76  5:26  Roach, Zergling x2  
  76  5:27  Zergling x2  
  94  5:29  Overlord  
  94  5:31  Overlord  
  94  5:35  Overlord  
  94  5:43  Roach, Zergling x4  
  94  5:53  Roach  
  94  5:54  Roach x2  
  98  5:57  Roach x6  
  98  5:58  Roach x2  
  114  6:07  Overlord x2  
  114  6:08  Overlord  
  114  6:09  Zergling x2  
  115  6:19  Overlord  
  115  6:26  Zergling x6  
  115  6:27  Zergling x10  
  122  6:34  Zergling x4  
  122  6:35  Zergling x8  
  123  6:53  Zergling x10  
  125  6:59  Zergling x4  
  124  7:01  Lair  
  124  7:03  Ravager  
  124  7:04  Ravager x8  
  124  7:06  Overlord x2  
  124  7:07  Zergling x16  
  141  7:09  Hatchery  
  141  7:14  Zergling x4  
  141  7:21  Overlord  
  141  7:22  Zergling x4  
  142  7:31  Zergling x2  
  137  7:40  Zergling x16  
  120  7:52  Roach x2, Zergling x4  
  120  7:53  Zergling x4  
  122  7:59  Glial Reconstitution  
  122  8:02  Roach  
  124  8:10  Roach x3  
  126  8:22  Roach x6  
  126  8:27  Roach x6  
  125  8:32  Roach x2  
  125  8:33  Evolution Chamber  
  135  8:34  Ravager x5  
  135  8:36  Zergling x4  
  135  8:39  Hatchery  
  140  8:42  Zergling x4  
  107  8:56  Roach x9  
  123  9:04  Zergling x10  
  123  9:05  Zergling x2  
  123  9:06  Zerg Melee Weapons Level 1  
  129  9:10  Zergling x2, Extractor  
  129  9:19  Zergling x12  
  129  9:20  Zergling x10  
  140  9:26  Roach x3  
  140  9:27  Ravager  
  140  9:28  Ravager  
  148  9:35  Zergling x6  
  146  9:46  Roach x6  
  146  9:47  Roach x2  
  155  9:56  Roach x5  
  160  10:03  Roach x3  
  144  10:11  Roach x4  
  140  10:19  Roach x3  
  141  10:27  Roach x4  
  123  10:35  Roach  
  123  10:36  Roach x3  
  123  10:37  Zergling x2  
  123  10:38  Zergling x4  
  127  10:48  Roach x3  
  127  10:49  Roach x2  
  114  10:58  Roach  
  114  10:59  Roach x3  
  116  11:04  Roach, Zergling x12  
  116  11:05  Zergling x4  
  116  11:11  Zergling x4  
  113  11:19  Roach x8, Zergling x2  
  113  11:20  Zergling x8  
  134  11:27  Roach  
  134  11:28  Roach  
  134  11:31  Roach x3  
  137  11:43  Roach  
  137  11:44  Roach x4  
  120  11:53  Roach x5  
  114  11:59  Roach x3  
  111  12:05  Roach  
  111  12:06  Roach x2  
  111  12:10  Roach, Zergling x10  
  112  12:22  Zergling x18  
  111  12:23  Zergling x12  
  115  12:33  Roach x5  
  125  12:39  Overseer  
  125  12:43  Zergling x22  
  136  12:54  Spire  
  136  12:55  Zergling x6  
  136  12:56  Zergling x2  
  139  13:05  Overlord  
  139  13:06  Zergling x8  
  142  13:20  Roach x2  
  142  13:21  Roach, Zergling x12  
  154  13:33  Roach x5  
  129  13:39  Roach x2  
  116  13:46  Roach x2  
  116  13:47  Roach x2  
  117  13:54  Roach x5  
  126  13:57  Ravager x5  
  126  13:58  Ravager  
  131  14:03  Ravager x3  
  131  14:05  Zergling x6  
  131  14:08  Zergling x4  
Tags
 
Add a new tag
Caveats
  • Supply blocks, unpowered buildings, or Contaminate may cause inaccurate times.
  • Supply counts are checked every 10 seconds.